 Dungeon Crawl Stone Soup version 0.30-a0-738-g116ff8c4af (webtiles) character file.

Game seed: 15966897645330433108

345 Sabo the Digger (level 6, -6/40 (53) HPs)
             Began as a Troll Earth Elementalist on Feb 3, 2023.
             Was an Initiate of Vehumet.
             Mangled by a wight
             ... wielding a +0 scimitar
              (10 damage)
             ... on level 4 of the Dungeon.
             The game lasted 00:23:32 (4201 turns).

Sabo the Digger (Troll Earth Elementalist)          Turns: 4201, Time: 00:23:32

HP:   -6/40 (53)    AC: 11    Str: 17    XL:     6   Next: 32%
MP:   5/9           EV: 10    Int: 13    God:    Vehumet [......]
Gold: 92            SH:  0    Dex: 10    Spells: 6/10 levels left

rFire   . . .      SeeInvis .    x - +2 short sword (protect)
rCold   . . .      Faith    .    (no shield)
rNeg    . . .      Spirit   .    a - +0 robe
rPois   .          Reflect  .    (helmet restricted)
rElec   .          Harm     .    (no cloak)
rCorr   .          Rampage  .    (gloves unavailable)
Will    +....                    (boots unavailable)
Stlth   +                        (no amulet)
HPRegen 1.06/turn                t - ring of willpower
MPRegen 0.11/turn                (no ring)

@: mighty, under a protective aura, heavily drained
A: large, unfitting armour, claws 3, regeneration 1, shaggy fur 1, tough skin 1
a: Renounce Religion


You were on level 4 of the Dungeon.
You worshipped Vehumet.
Vehumet was noncommittal.
You visited 1 branch of the dungeon, and saw 4 of its levels.

You collected 118 gold pieces.
You spent 26 gold pieces at shops.

Inventory:

Hand Weapons
 j - a +0 sling
 x - a +2 short sword of protection (weapon)
Missiles
 e - 5 poisoned darts (quivered)
 s - a boomerang of dispersal
Armour
 a - a +0 robe (worn)
Jewellery
 t - a ring of willpower (left claw)
Wands
 m - a wand of charming (18)
 w - a wand of mindburst (17)
Scrolls
 d - a scroll of enchant armour
 f - 3 scrolls of poison
 i - a scroll of brand weapon
 l - a scroll of noise {unknown}
 r - a scroll of fog {unknown}
 v - a scroll of torment {unknown}
Potions
 b - a potion of magic
 c - 2 potions of flight {unknown}
 g - a potion of berserk rage {unknown}
 h - a potion of brilliance {unknown}
 k - 3 potions of degeneration {unknown}
 n - a potion of might
 p - a potion of curing {unknown}
 q - a potion of resistance {unknown}


   Skills:
 + Level 0.2 Fighting
 * Level 0.9(1.1) Short Blades
 - Level 0.9(1.1) Long Blades
 + Level 2.0 Dodging
 + Level 1.1 Stealth
 + Level 2.9 Spellcasting
 + Level 0.6 Transmutations
 + Level 4.4 Earth Magic


You had 6 spell levels left.
You knew the following spells:

 Your Spells              Type           Power      Damage    Failure   Level
a - Sandblast             Erth           26%        2d8       3%          1
b - Stone Arrow           Conj/Erth      14%        3d7       28%         3

Your spell library contained the following spells:

 Spells                   Type           Power      Damage    Failure   Level
 Passwall                 Tmut/Erth      6%         N/A       12%         2
 Call Canine Familiar     Summ           1%         N/A       56%         3
 Portal Projectile        Hex/Tloc       2%         N/A       56%         3
 Petrify                  Tmut/Erth      8%         N/A       63%         4
 Leda's Liquefaction      Hex/Erth       3%         N/A       67%         4


Dungeon Overview and Level Annotations

Branches:
Dungeon (4/15)
 Temple: D:4-7

Altars:
Ru
Vehumet

Shops:
D:1 !   D:2 [(   D:4 *


Innate Abilities, Weirdness & Mutations

You are too large for most types of armour.
You have claws for hands.
Your natural rate of healing is unusually fast.
You are covered in fur. (AC +1)
You have tough skin. (AC +1)


Message History

The wight hits you but does no damage.
You hit the wight but do no damage.
The wight is moderately damaged.
The wight hits you but does no damage.
You hit the wight.
The wight is heavily damaged.
The wight closely misses you.
You hit the wight.
The wight is severely damaged.
The wight hits you with a +0 scimitar!
You feel drained.
You hit the wight but do no damage.
The wight is severely damaged.
The wight closely misses you.
You barely miss the wight.
The wight is severely damaged.
The wight barely misses you.
You hit the wight.
The wight is severely damaged.
The wight hits you with a +0 scimitar.
You closely miss the wight.
The wight is severely damaged.
The wight hits you with a +0 scimitar.
You feel drained.
You hit the wight but do no damage.
The wight is severely damaged.
The wight hits you with a +0 scimitar!
You feel drained.
* * * LOW HITPOINT WARNING * * *
You closely miss the wight.
The wight is severely damaged.
The wight hits you with a +0 scimitar!
* * * LOW HITPOINT WARNING * * *
You feel drained.
* * * LOW HITPOINT WARNING * * *
You hit the wight.
The wight is severely damaged.
The wight hits you with a +0 scimitar.
* * * LOW HITPOINT WARNING * * *
You feel drained.
You feel very mighty all of a sudden. The wight hits you with a +0 scimitar!
You die...

### ##..# ##....
..########...##
#.....z........####
#....# ...
#######....####.#
###.....)....zzz@.#
..[.......#########
....#.)..##
..#...####
.......## ........#
........# ........#
.......>...


You could see 3 wights.

Vanquished Creatures
  2 wights (D:4)
  A hound (D:4)
  Jessica (D:2)
  Natasha (thrice) (D:2)
  2 adders
  A white imp (D:4)
  4 dart slugs
  4 orcs
  3 ball pythons
  10 bats
  6 endoplasms
  3 giant cockroaches
  10 goblins
  8 hobgoblins
  4 quokkas
  A frilled lizard (D:3)
  7 kobolds
  9 rats
79 creatures vanquished.

Vanquished Creatures (others)
  A plant (D:3)
1 creature vanquished.

Grand Total: 80 creatures vanquished

Notes
Turn   | Place    | Note
-------+----------+-------------------------------------------
     0 | D:1      | Sabo the Troll Earth Elementalist began the quest for the
                  | Orb.
     0 | D:1      | Reached XP level 1. HP: 16/16 MP: 1/1
   232 | D:1      | Reached XP level 2. HP: 24/24 MP: 0/3
   617 | D:1      | Reached skill level 3 in Earth Magic
   974 | D:1      | Found Exukaov's Distillery.
  1494 | D:2      | Reached XP level 3. HP: 31/31 MP: 2/4
  1726 | D:2      | Noticed Jessica
  1731 | D:2      | Killed Jessica
  1732 | D:2      | Reached XP level 4. HP: 25/39 MP: 0/5
  2028 | D:2      | Found Ynamomei's Antique Weapon Emporium.
  2062 | D:2      | Found Xuirul's Antique Armour Emporium.
  2137 | D:2      | Noticed Natasha
  2147 | D:2      | Killed Natasha
  2288 | D:2      | Noticed Natasha
  2293 | D:2      | Killed Natasha
  2336 | D:2      | Noticed Natasha
  2342 | D:2      | Killed Natasha
  2343 | D:2      | Reached skill level 4 in Earth Magic
  2343 | D:2      | Reached XP level 5. HP: 45/45 MP: 2/7
  2478 | D:3      | Found a radiant altar of Vehumet.
  2498 | D:3      | Found a sacrificial altar of Ru.
  2726 | D:3      | Learned a level 3 spell: Stone Arrow
  3699 | D:3      | Became a worshipper of Vehumet
  3929 | D:4      | Found Haggoona's General Store.
  3945 | D:4      | Bought a scroll of identify for 26 gold pieces
  3994 | D:4      | Reached XP level 6. HP: 50/53 MP: 7/9
  4201 | D:4      | Mangled by a wight

Illustrated notes

Levels and vault maps discovered:
D:1:      mrwooster_arrival_statue, layout_loops_corners, serial_shops, shop
D:2:      layout_rooms, serial_shops, shop_statue, shop, uniq_jessica,
          uniq_natasha
D:3:      layout_basic, nicolae_ru_awakened_eye, fiery_altar_vehumet,
          serial_bayou_ford_a, palyth_stone_intersect,
          chequers_serial_rivers_room_a, minmay_misc_feat_enclosed,
          minmay_goblin_kobold_house
D:4:      layout_rooms, minmay_temple_entry_offerings, serial_shops,
          nicolae_stop_n_shop_1

Skill      XL: |  1  2  3  4  5 |
---------------+----------------+-----
Earth Magic    | 3 4 |  4.4
Spellcasting   | 2 |  2.9
Dodging        | 2 |  2.0
Fighting       | |  0.2
Short Blades   | |  0.9
Long Blades    | |  0.9
Stealth        | |  1.1
Transmutations | |  0.6

Action                     |  1- 3 |  4- 6 || total
---------------------------+-------+-------++-------
  Melee: Dagger            |     7 |       ||     7
         Unarmed           |     7 |       ||     7
         Long sword        |    32 |    27 ||    59
         Short sword       |       |    61 ||    61
         Punch             |       |     1 ||     1
   Cast: Sandblast         |    35 |    79 ||   114
    Use: Scroll            |     3 |     5 ||     8
         Potion            |       |     1 ||     1
 Armour: Robe              |    27 |    33 ||    60
  Dodge: Dodged            |    38 |    61 ||    99

Table legend: (Time is in decaauts)
 A = Elapsed time spent in this place.
 B = Non-inter-level travel time spent in this place.
 C = Inter-level travel time spent in this place.
 D = Time resting spent in this place.
 E = Time spent auto-exploring this place.
 F = Levels seen in this place.
 G = Mean time per level.
                   A        B        C        D        E       F      G
               +--------+--------+--------+--------+--------+-----+--------+
         Total |   4275 |   4275 |      0 |   1481 |      0 |   4 | 1068.8 |
       Dungeon |   4275 |   4275 |      0 |   1481 |      0 |   4 | 1068.8 |
               +--------+--------+--------+--------+--------+-----+--------+

Top non-repeatable levels by time:
     D:1: 1493 daAuts
     D:3: 1344 daAuts
     D:2: 976 daAuts
     D:4: 461 daAuts
